 Dungeon Crawl Stone Soup version 0.30-a0-728-gc68057be0a (webtiles) character file.

Game seed: 8373595752182144784

710 Dittersdorf the Shield-Bearer (level 7, -1/44 HPs)
             Began as a Gargoyle Fighter on Jan 31, 2023.
             Slain by Edmund
             ... wielding a +1 dire flail of draining
              (6 damage)
             ... on level 4 of the Dungeon.
             The game lasted 00:04:29 (3358 turns).

Dittersdorf the Shield-Bearer (Gargoyle Fighter)    Turns: 3358, Time: 00:04:29

Health: -1/44      AC: 14    Str: 22    XL:     7   Next: 68%
Magic:  7/7        EV:  9    Int:  8    God:
Gold:   151        SH:  5    Dex:  9    Spells: 6/6 levels left

rFire   . . .      SeeInvis .    a - +1 flail
rCold   . . .      Faith    .    c - +0 buckler
rNeg    + . .      Spirit   .    b - +0 scale mail
rPois   ∞          Reflect  .    q - +1 helmet
rElec   +          Harm     .    (no cloak)
rCorr   .          Rampage  .    (no gloves)
Will    .....                    (no boots) Stlth
                                 (no amulet)
HPRegen 0.27/turn                (no ring)
MPRegen 0.10/turn                (no ring)

@: no status effects
A: sickness immunity, AC +4, negative energy resistance 1, electricity
resistance, torment resistance 1, petrification resistance
a: no special abilities


You were on level 4 of the Dungeon.
You visited 1 branch of the dungeon, and saw 5 of its levels.

You collected 151 gold pieces.

Inventory:

Hand Weapons
 a - a +1 flail (weapon)
Missiles
 e - a throwing net (quivered)
Armour
 b - a +0 scale mail (worn)
 c - a +0 buckler (worn)
 q - a +1 helmet (worn)
Scrolls
 g - 2 scrolls of fog
 h - a scroll of teleportation
 j - a scroll of enchant weapon
 k - a scroll of enchant armour
 n - a scroll of fear
 r - 3 scrolls of identify
Potions
 d - 2 potions of might
 f - a potion of magic
 i - a potion of cancellation
 l - a potion of ambrosia {unknown}
 m - a potion of curing
 o - a potion of invisibility {unknown}
 p - a potion of heal wounds {unknown}


   Skills:
 + Level 5.5 Fighting
 + Level 4.4 Maces & Flails
 + Level 5.5 Armour
 + Level 5.5 Shields


You had 6 spell levels left.
You didn't know any spells.
Your spell library was empty.

Dungeon Overview and Level Annotations

Branches:
Dungeon (5/15)
 Temple: D:4-7

Altars:
Cheibriados
Hepliaklqana
Nemelex Xobeh
Ru
Zin

Shops:
D:5 (

Annotations:
D:4 Edmund


Innate Abilities, Weirdness & Mutations

You are immune to sickness and miasma.
Your stone body is resilient. (AC +4)
You are immune to poison.
You resist negative energy. (rN+)
You are resistant to electric shocks. (rElec)
You are resistant to unholy torment.
You are immune to petrification.


Message History

The ball python constricts you. Edmund barely misses you.
You block the ball python's attack. The ball python constricts you.
You closely miss the ball python.
The ball python is heavily wounded.
You block the ball python's attack. The ball python constricts you.
Edmund hits you with a +1 dire flail of draining.
You thump the ball python!
You kill the ball python!
Edmund hits you with a +1 dire flail of draining!
You are too injured to fight recklessly!
You are too injured to fight recklessly!
You are too injured to fight recklessly!
You are too injured to fight recklessly!
You are too injured to fight recklessly!
You are too injured to fight recklessly!
You are too injured to fight recklessly!
You are too injured to fight recklessly!
You are too injured to fight recklessly!
You are too injured to fight recklessly!
You are too injured to fight recklessly!
You are too injured to fight recklessly!
You are too injured to fight recklessly!
You are too injured to fight recklessly!
You are too injured to fight recklessly!
You closely miss Edmund.
Edmund is moderately wounded.
Edmund hits you but does no damage.
You closely miss Edmund.
Edmund is moderately wounded.
Edmund hits you but does no damage.
Edmund hits you with a +1 dire flail of draining!
* * * LOW HITPOINT WARNING * * *
You barely miss Edmund.
Edmund is moderately wounded.
Edmund hits you with a +1 dire flail of draining!
* * * LOW HITPOINT WARNING * * *
You sock Edmund!
Edmund is heavily wounded.
Edmund hits you with a +1 dire flail of draining.
You die...

,,,**,,*
*,.####.............
****,,**
##.........>..####(.. *
*,,* ###.............#
#### * **,,*
#..............## * *,,**
##..............# ***,,*
*#.=............## ##
**,,,* *...............#
#####. **,,**
**......@.......#####.....
**,,* *,.....<.@......#
#....... *,,,*
**..............# ###.....
*,,,* *#.............#
##.... ,,,**
*..##.......†.## ###..
,,,* **.,*###.......# ###
,,,* *,,** ###.#...#*****
# ,,,* **,,*
##....#*,,.##**## ,,,*
*,,** *.....#**,(...##.
,,,****,,*
**......***.......


You could see Edmund.

Vanquished Creatures
  Grinder (D:4)
  2 phantoms
  A scorpion (D:4)
  A hound (D:4)
  4 orc priests
  2 orc wizards
  2 adders
  A worm (D:3)
  2 dart slugs
  10 orcs
  5 bats
  9 endoplasms
  A giant cockroach (D:3)
  3 goblins
  5 hobgoblins
  3 jackals (D:2)
  6 kobolds
  2 quokkas (D:4)
  3 ball pythons
  A frilled lizard (D:3)
  2 rats
66 creatures vanquished.

Vanquished Creatures (others)
  An orc wizard (D:5)
1 creature vanquished.

Grand Total: 67 creatures vanquished

Notes
Turn   | Place    | Note
-------+----------+-------------------------------------------
     0 | D:1      | Dittersdorf the Gargoyle Fighter began the quest for the
                  | Orb.
     0 | D:1      | Reached XP level 1. HP: 14/14 MP: 1/1
   212 | D:1      | Reached XP level 2. HP: 16/19 MP: 2/2
   602 | D:2      | Reached XP level 3. HP: 23/23 MP: 3/3
   761 | D:2      | Found a faded altar of an unknown god.
  1702 | D:3      | Reached XP level 4. HP: 29/29 MP: 4/4
  1715 | D:3      | Found a sacrificial altar of Ru.
  1790 | D:3      | Found a glowing silver altar of Zin.
  1793 | D:3      | Found a snail-covered altar of Cheibriados.
  1793 | D:3      | Found a hazy altar of Hepliaklqana.
  1800 | D:3      | Found a sparkling altar of Nemelex Xobeh.
  1980 | D:3      | Noticed a phantom
  2004 | D:3      | Killed a phantom
  2005 | D:3      | Reached XP level 5. HP: 22/33 MP: 5/5
  2737 | D:5      | Entered Level 5 of the Dungeon
  2752 | D:4      | Reached XP level 6. HP: 9/39 MP: 6/6
  3044 | D:5      | Found Tucuhoc's Weapon Shop.
  3076 | D:5      | Reached skill level 5 in Fighting
  3076 | D:5      | Reached skill level 5 in Armour
  3076 | D:5      | Reached skill level 5 in Shields
  3076 | D:5      | Reached XP level 7. HP: 44/44 MP: 7/7
  3147 | D:4      | Noticed Grinder
  3152 | D:4      | Paralysed by Grinder for 5 turns
  3166 | D:4      | Killed Grinder
  3342 | D:4      | Noticed Edmund
  3358 | D:4      | Slain by Edmund

Illustrated notes

Levels and vault maps discovered:
D:1:      lightli_arrival_quake, layout_rooms
D:2:      layout_basic, hellmonk_ecumenical_altar_leap_of_faith,
          minmay_tetromino_i4
D:3:      layout_basic, nicolae_overflow_hallway_of_the_gods,
          columned_hall_lemuel, skrybe_limestone_x,
          chequers_serial_rivers_room_b
D:4:      layout_cave_pods, uniq_grinder, uniq_edmund
D:5:      layout_loops_ring, serial_shops, nicolae_take_the_stairs

Skill      XL: |  1  2  3  4  5  6 |
---------------+-------------------+-----
Fighting       | 4 5 |  5.5
Maces & Flails | 3 4 |  4.4
Armour         | 4 5 |  5.5
Shields        | 4 5 |  5.5

Action                     |  1- 3 |  4- 6 |  7- 9 || total
---------------------------+-------+-------+-------++-------
  Melee: Flail             |    99 |   122 |    34 ||   255
    Use: Scroll            |     4 |     6 |       ||    10
 Armour: Scale mail        |    55 |    73 |    21 ||   149
  Dodge: Dodged            |    48 |    49 |    11 ||   108
  Block: Buckler           |    23 |    32 |     8 ||    63

Table legend: (Time is in decaauts)
 A = Elapsed time spent in this place.
 B = Non-inter-level travel time spent in this place.
 C = Inter-level travel time spent in this place.
 D = Time resting spent in this place.
 E = Time spent auto-exploring this place.
 F = Levels seen in this place.
 G = Mean time per level.
                   A        B        C        D        E       F      G
               +--------+--------+--------+--------+--------+-----+--------+
         Total |   3446 |   3256 |    190 |    478 |   2103 |   5 |  689.2 |
       Dungeon |   3446 |   3256 |    190 |    478 |   2103 |   5 |  689.2 |
               +--------+--------+--------+--------+--------+-----+--------+

Top non-repeatable levels by time:
     D:3: 1391 daAuts
     D:2: 825 daAuts
     D:4: 616 daAuts
     D:1: 487 daAuts
     D:5: 125 daAuts
